 Dungeon Crawl Stone Soup version 0.31.0-4-g52a2dc7128 (webtiles) character file.

Game seed: 14688974377543746065

134 DemonSlayer the Digger (level 4, -1/30 HPs)
             Began as a Demonspawn Earth Elementalist on Jan 22, 2024.
             Killed from afar by Sigmund (8 damage)
             ... with a magic dart
             ... on level 2 of the Dungeon.
             The game lasted 00:05:42 (2504 turns).

DemonSlayer the Digger (DsEE)                       Turns: 2504, Time: 00:05:42

Health: -1/30      AC:  4    Str:  9    XL:     4   Next: 95%
Magic:  7/9        EV: 12    Int: 15    God:
Gold:   176        SH:  6    Dex: 15    Spells: 1/9 levels left

rFire   . . .        g - +2 short sword (protect)
rCold   . . .        (no shield)
rNeg    . . .        a - +0 robe
rPois   .            (no helmet)
rElec   .            (no cloak)
rCorr   .            j - +0 pair of gloves
SInv    .            i - +0 pair of boots
Will    .....        (no amulet)
Stlth   ++           (no ring)
HPRegen 0.25/turn    (no ring)
MPRegen 0.11/turn

%: no passive effects
@: no status effects
A: large bone plates 2
a: no special abilities


You were on level 2 of the Dungeon.
You visited 1 branch of the dungeon, and saw 3 of its levels.

You collected 176 gold pieces.

Inventory:

Hand Weapons
 g - a +2 short sword of protection (weapon)
 k - a +0 dagger of venom
Armour
 a - a +0 robe (worn)
 i - a +0 pair of boots (worn)
 j - a +0 pair of gloves (worn)
Scrolls
 c - a scroll of teleportation
 l - 3 scrolls of fear {unknown}
Potions
 b - a potion of magic
 e - a potion of brilliance
 f - 2 potions of resistance
 h - a potion of might
 m - a potion of curing
 n - a potion of attraction {unknown}
 o - a potion of lignification {unknown}
 p - a potion of ambrosia {unknown}


   Skills:
 + Level 0.1 Short Blades
 + Level 2.2 Dodging
 + Level 2.2 Stealth
 + Level 0.4 Shields
 + Level 3.3 Spellcasting
 + Level 1.0 Conjurations
 + Level 3.8 Earth Magic


You had one spell level left.
You knew the following spells:

 Your Spells              Type           Power      Damage    Failure   Level
a - Sandblast             Erth           26%        2d8       4%          1
b - Stone Arrow           Conj/Erth      18%        3d8       22%         3
c - Petrify               Alch/Erth      8%         N/A       65%         4

Your spell library contained the following spells:

 Spells                   Type           Power      Damage    Failure   Level
 Passwall                 Erth           13%        N/A       12%         3
 Brom's Barrelling Bould  Conj/Erth      9%         2d3       56%         4


Dungeon Overview and Level Annotations

Branches:
Dungeon (3/15)

Altars:

Shops:
D:1 *

Annotations:
D:2 Sigmund


Innate Abilities, Weirdness & Mutations

You are mostly covered in large bone plates. (SH +6)


Message History

The giant cockroach is heavily wounded.
Sigmund shouts!
You block the giant cockroach's attack.
The blast of sand misses the giant cockroach.
The giant cockroach bites you but does no damage.
Sigmund gestures wildly while chanting.
Sigmund flickers and vanishes!
Deactivating autopickup; reactivate with Ctrl-A.
The giant cockroach closely misses you.
You closely miss the giant cockroach. You punch the giant cockroach.
You kill the giant cockroach!
You can't see any susceptible monsters within range! (Use Z to cast anyway.) No target in view!
You can't see any susceptible monsters within range! (Use Z to cast anyway.)
There is a strange disturbance nearby!
A puff of flame appears from out of thin air!
The puff of flame hits you.
There is an open door here.
You start resting.
Something hits you.
Casting: Sandblast (safe; 4% risk of failure)
Confirm with . or Enter, or press ? or * to list all spells.
Aiming: Sandblast (safe; 4% risk of failure)
Press: ? - help, Shift-Dir - straight line You hear some strange, mumbled words.
A puff of flame appears from out of thin air!
The puff of flame hits you.
Casting: Sandblast (safe; 4% risk of failure)
Confirm with . or Enter, or press ? or * to list all spells.
Aiming: Sandblast (safe; 4% risk of failure)
Press: ? - help, Shift-Dir - straight line The blast of sand hits something!
Something hits you! Something hits you!
* * * LOW HITPOINT WARNING * * *
There is an open door here.
Something hits you but does no damage.
There is a strange disturbance nearby!
A magic dart appears from out of thin air!
The magic dart hits you!
You die...

#..........#.#######.........
######...#..............###..
#.###.###########.## ###
#......# #.######
#####..##########.......
#....<..........#####
#...............##...
#...............##...
####(..@...........##...
.........##'############
#####....##..# ######## ####
##'#####.# #.......
..####{#####'####.......
#.#....#........†..)....
#.#'####................
#......#................
#####......#................


There were no monsters in sight!

Vanquished Creatures
  An iguana (D:3)
  Terence (D:2)
  An adder (D:3)
  2 dart slugs (D:2)
  2 ribbon worms (D:3)
  9 orcs
  4 ball pythons
  4 bats
  3 endoplasms
  2 giant cockroaches
  4 goblins
  8 hobgoblins
  2 jackals (D:1)
  A kobold (D:1)
  2 quokkas
  6 frilled lizards
  3 rats
55 creatures vanquished.

Notes
Turn   | Place    | Note
-------+----------+-------------------------------------------
     0 | D:1      | DemonSlayer the Demonspawn Earth Elementalist began the
                  | quest for the Orb.
     0 | D:1      | Reached XP level 1. HP: 13/13 MP: 3/3
   200 | D:1      | Gained mutation: You are partially covered in large bone
                  | plates. (SH +4) [demonic ancestry]
   200 | D:1      | Reached XP level 2. HP: 17/19 MP: 0/5
   427 | D:1      | Found Caepn's Assorted Antiques.
  1051 | D:2      | Reached XP level 3. HP: 24/24 MP: 4/6
  1294 | D:2      | Noticed Terence
  1763 | D:3      | Gained mutation: You are mostly covered in large bone
                  | plates. (SH +6) [demonic ancestry]
  1763 | D:3      | Reached XP level 4. HP: 17/30 MP: 0/8
  2338 | D:3      | Learned a level 3 spell: Stone Arrow
  2343 | D:3      | Learned a level 4 spell: Petrify
  2370 | D:2      | Killed Terence
  2481 | D:2      | Noticed Sigmund
  2504 | D:2      | Killed from afar by Sigmund

Illustrated notes

Levels and vault maps discovered:
D:1:      minmay_arrival_nine_rooms, layout_rooms, serial_shops,
          nicolae_shop_tiny_waterfront, minmay_distorted
D:2:      layout_basic, uniq_terence, uniq_sigmund
D:3:      layout_rooms, serial_park_tiny_pond, nrook_loot_triangle,
          grunt_ministairs_13, grunt_decor_mini_mirrors

Skill      XL: |  1  2  3 |
---------------+----------+-----
Dodging        | 2 |  2.2
Earth Magic    | 3 |  3.8
Stealth        | 2 |  2.2
Spellcasting   | 3 |  3.3
Short Blades   | |  0.1
Shields        | |  0.4
Conjurations   | |  1.0

Action                     |  1- 3 |  4- 6 || total
---------------------------+-------+-------++-------
  Melee: Unarmed           |    11 |       ||    11
         Dagger            |    20 |       ||    20
         Short sword       |     7 |    12 ||    19
         Punch             |       |     1 ||     1
   Cast: Sandblast         |    58 |    23 ||    81
    Use: Scroll            |     4 |     1 ||     5
   Stab: Sleeping          |     1 |       ||     1
 Armour: Robe              |    42 |    11 ||    53
  Dodge: Dodged            |    66 |     5 ||    71
  Block: Other             |    18 |     2 ||    20
